 Dungeon Crawl Stone Soup version 0.14-a0-1739-g6c2808e (webtiles) character file.

239 Jenx the Slasher (level 4, 0/29 HPs)
             Began as a High Elf Skald on Jan 3, 2014.
             Succumbed to an adder's poison
             ... on Level 3 of the Dungeon.
             The game lasted 00:10:01 (2549 turns).

Jenx the Slasher (High Elf Skald)                   Turns: 2549, Time: 00:10:02

HP   0/29        AC  4     Str 11      XL: 4   Next: 56%
MP  10/11        EV 10     Int 16      God:
Gold 132         SH  0     Dex 15      Spells:  3 memorised,  1 level left

rFire  . . .     SeeInvis +     a - +1,+0 long sword
rCold  + . .     Clarity  .     o - +0 elf leather armour
rNeg   . . .     Conserve .     (no shield)
rPois  .         rCorr    .     h - +0 helmet
rElec  .         rRot     .     (no cloak)
SustAb . .       Spirit   .     (no gloves)
rMut   .         Warding  .     (no boots)
Saprov . . .     Stasis   .     (no amulet)
                                v - ring of see invisible
                                m - ring of protection from cold

@: mildly poisoned, slightly resistant to hostile enchantments, unstealthy
A: no striking features
a: no special abilities


You were on level 3 of the Dungeon.
You were not hungry.

You visited 1 branch of the dungeon, and saw 4 of its levels.

You collected 132 gold pieces.

Inventory:

Hand weapons
 a - a +1,+0 long sword (weapon)
 b - a +0 blowgun
Missiles
 g - 4 tomahawks (quivered)
 q - 9 poisoned needles
Armour
 h - a +0 helmet (worn)
 o - a +0 elven leather armour (worn)
Comestibles
 d - 2 bread rations
 w - an apple
Scrolls
 e - 2 scrolls of fog
 f - 2 scrolls of fear {unknown}
 i - a scroll of random uselessness {unknown}
 j - 2 scrolls of teleportation {unknown}
 k - 2 scrolls of recharging
 l - a scroll of curse armour {unknown}
 s - a scroll of enchant weapon II {unknown}
 t - a scroll of blinking {unknown}
 u - a scroll of remove curse {unknown}
Jewellery
 m - a ring of protection from cold (left hand)
 v - a ring of see invisible (right hand)
Potions
 n - a potion of curing
 p - a potion of mutation {unknown}
 r - a potion of agility {unknown}
Books
 c - a book of Battle

   Spells                             Type                      Level
   *Infusion                          Charms                       1
   Shroud of Golubria                 Charms/Translocation         2
   *Song of Slaying                   Charms                       2
   Spectral Weapon                    Hexes/Charms                 3
   *Regeneration                      Charms/Necromancy            3


   Skills:
 - Level 2.0 Fighting
 - Level 5.0 Long Blades
 - Level 0.8 Armour
 - Level 1.1 Dodging
 - Level 2.4 Spellcasting
 + Level 4.7 Charms


You had one spell level left.
You knew the following spells:

 Your Spells              Type           Power        Failure   Level  Hunger
a - Infusion              Chrm           ###...       3%          1    #......
b - Song of Slaying       Chrm           ###.....     6%          2    ##.....
c - Regeneration          Chrm/Necr      #.........   28%         3    ####...


Dungeon Overview and Level Annotations

Branches:
Dungeon (4/16)
 Temple: D:4-7

Altars:
Nemelex Xobeh
the Shining One


Message History

The gnoll is moderately wounded.
The gnoll closely misses you.
You hit the gnoll.
The gnoll is severely wounded.
The gnoll hits you but does no damage.
You barely miss the gnoll.
The gnoll is severely wounded.
* * * LOW HITPOINT WARNING * * *
You feel sick. The gnoll barely misses you.
You barely miss the gnoll.
The gnoll is severely wounded.
* * * LOW HITPOINT WARNING * * *
You feel sick. The gnoll barely misses you.
You hit the gnoll.
The gnoll is severely wounded.
The gnoll hits you with a flail!
* * * LOW HITPOINT WARNING * * *
You hit the gnoll.
You kill the gnoll!
You die...

###.###### #..#
##........# #..#
..........# #.# #..#
#g####........# #.# #..#
..............# #.# #..#
..............# #.# #..#
...............# #.# #..#
........<......###.###..#
.....?.........)@.......#
..............###.#....##
........................#
...##############.#.....#
. #.###..># #.# #...# ..#
#...# #.# #...# ..# #...#


There were no monsters in sight!

Vanquished Creatures
  2 gnolls (D:3)
  5 adders
  2 giant geckos
  An ooze (D:1)
  2 bats (D:3)
  3 hobgoblins
  4 jackals (D:1)
  6 kobolds
  A ball python (D:3)
  3 giant cockroaches (D:1)
  A giant newt (D:2)
  3 goblins (D:1)
  An orc skeleton (D:4)
  9 rats
43 creatures vanquished.

Notes
Turn   | Place    | Note
--------------------------------------------------------------
     0 | D:1      | Jenx, the High Elf Skald, began the quest for the Orb.
     0 | D:1      | Reached XP level 1. HP: 14/14 MP: 4/4
   124 | D:1      | Reached XP level 2. HP: 19/19 MP: 3/6
   146 | D:1      | Learned a level 2 spell: Song of Slaying
   901 | D:2      | Reached skill level 4 in Long Blades
  1040 | D:2      | Reached XP level 3. HP: 24/24 MP: 8/8
  1633 | D:2      | Found a glowing golden altar of the Shining One.
  1633 | D:2      | Found a sparkling altar of Nemelex Xobeh.
  1714 | D:2      | Reached skill level 5 in Long Blades
  1941 | D:2      | Learned a level 3 spell: Regeneration
  2330 | D:3      | Noticed an ice beast
  2415 | D:3      | Reached XP level 4. HP: 29/29 MP: 11/11
  2548 | D:3      | HP: 1/29 [gnoll/flail (7)]
  2549 | D:3      | Succumbed to an adder's poison

Action                   |  1- 3 |  4- 6 || total
-------------------------+-------+-------++-------
Melee: Falchion          |   114 |       ||   114
       Long sword        |    14 |    36 ||    50
Throw: Tomahawk          |     6 |       ||     6
 Cast: Infusion          |     1 |       ||     1
       Regeneration      |       |     1 ||     1
       Song of Slaying   |       |     1 ||     1
  Use: Scroll            |     4 |       ||     4
       Potion            |     1 |       ||     1
 Stab: Sleeping          |     1 |       ||     1
